 Dungeon Crawl Stone Soup version 0.31-a0-1581-g41d5ff3e7b (webtiles) character file.

Game seed: 15290135563945187726

236 Malachi the Changeling (level 6, -11/47 HPs)
             Began as a Merfolk Shapeshifter on Jan 5, 2024.
             Was an Initiate of Ashenzari.
             Killed by divine providence
             ... invoked by an orc priest
              (13 damage)
             ... on level 3 of the Dungeon.
             The game lasted 00:02:51 (2125 turns).

Malachi the Changeling (Merfolk Shapeshifter)       Turns: 2125, Time: 00:02:52

Health: -11/47     AC:  3    Str: 16    XL:     6   Next: 6%
Magic:  6/6        EV: 13    Int: 10    God:    Ashenzari [......]
Gold:   106        SH:  0    Dex: 13    Spells: 5/5 levels left

rFire   . .          .
                       - Unarmed
rCold   . . .        (no shield)
rNeg    . . .        k - +0 leather armour "Shackled With Me" {Melee, Elem} (curse)
rPois   .            (helmet currently unavailable)
rElec   .            (cloak currently unavailable)
rCorr   .            (gloves currently unavailable)
SInv    .            (boots currently unavailable)
Will    .....        (no amulet)
Stlth   +            (no ring)
HPRegen 0.27/turn    (no ring)
MPRegen 0.10/turn

%: no passive effects
@: beast-form
A: beast (slay +3), (nimble swimmer 2), mertail
a: Begin Untransformation, Renounce Religion, Curse Item, Shatter the Chains


You were on level 3 of the Dungeon.
You worshipped Ashenzari.
Ashenzari was noncommittal.
You were a hulking beast.
You visited 1 branch of the dungeon, and saw 3 of its levels.

You collected 106 gold pieces.

Inventory:

Missiles
 l - 5 javelins
Armour
 k - the cursed +0 leather armour "Shackled With Me" (worn) {Melee, Elem}
   (You found it on level 1 of the Dungeon)

   It has a curse which improves the following skills: Melee Combat: Short
   Blades, Long Blades, Axes, Maces & Flails, Polearms, Staves and Unarmed
   Combat.
   Elements:  Fire Magic, Ice Magic, Air Magic and Earth Magic.
Jewellery
 j - a ring of ice
Talismans
 c - a beast talisman
 d - a flux talisman
Wands
 m - a wand of flame (24)
Scrolls
 e - a scroll of identify
 i - 2 scrolls of revelation
 o - a scroll of enchant weapon {unknown}
 p - a scroll of amnesia {unknown}
Potions
 a - a potion of degeneration {unknown}
 b - a potion of lignification
 f - a potion of enlightenment {unknown}
 g - 2 potions of mutation {unknown}
 h - 2 potions of curing {unknown}
 n - 2 potions of heal wounds {unknown}


   Skills:
 + Level 3.2 Fighting
 + Level 4.6 Dodging
 + Level 4.5(5.0) Unarmed Combat
 + Level 5.2 Shapeshifting


You had 5 spell levels left.
You didn't know any spells.
Your spell library contained the following spells:

 Spells                   Type           Power      Damage    Failure   Level
 Blink                    Tloc           0%         N/A       56%         2
 Lesser Beckoning         Tloc           0%         N/A       56%         2
 Momentum Strike          Conj/Tloc      0%         3d8       56%         2


Dungeon Overview and Level Annotations

Branches:
Dungeon (3/15)

Altars:
Ashenzari

Shops:
D:1 *


Innate Abilities, Weirdness & Mutations

You are a hulking beast.
Your limbs bulge with bestial killing power. (Slay +3)
((You are very nimble when in or above water. (Stealth+, EV+, Speed+++)))
Your lower body shifts to a powerful aquatic tail in water.


Message History

You are too confused!
You are too confused!
You are too confused!
Unknown command.
A magic dart appears from out of thin air!
The magic dart hits you.
You bump into the rock wall.
A magic dart appears from out of thin air!
The magic dart hits you.
You bump into the rock wall.
You bump into the rock wall.
The orc priest calls down the wrath of Beogh upon you.
Beogh smites you!
* * * LOW HITPOINT WARNING * * *
The adder bites you.
* * * LOW HITPOINT WARNING * * *
You bump into the rock wall.
You feel less confused. The adder closely misses you.
The adder attacks as it pursues you! The adder bites you.
* * * LOW HITPOINT WARNING * * *
The adder bites you.
* * * LOW HITPOINT WARNING * * *
The adder attacks as it pursues you! The adder bites you but does no damage.
The adder attacks as it pursues you! The adder misses you.
The adder barely misses you.
You see here a +0 spear.
The adder attacks as it pursues you! The adder bites you but does no damage.
Items here: ))) †††.
You hit the adder.
The adder is lightly wounded.
The adder bites you.
* * * LOW HITPOINT WARNING * * *
The adder closely misses you.
You punch the adder!
The adder is almost dead.
The adder barely misses you.
The orc priest calls down the wrath of Beogh upon you.
Beogh smites you!
You die...

#.....[..####........#...<###....
..###....####.......†..)<........
...........##...........)...#....
............#...............#....
..........................)......
...........................###...
..........##.###.#...##...## #...
..........##.# #.########## ####
..........##..##h#
..........###..#S#
..####.......#.#o# #.#
###.###...go# #.# #.####...o###
#.# #........>..## ..#
########.o..o### #.# #...#.g.#
#.# #...###.##


You could see an orc priest, an adder, 3 orcs and a hobgoblin.

Vanquished Creatures
  Jessica (D:2)
  Natasha (thrice) (D:2)
  4 gnolls (D:3)
  5 adders
  A ribbon worm (D:2)
  3 dart slugs
  4 orcs (D:3)
  4 ball pythons
  An endoplasm (D:1)
  A giant cockroach (D:2)
  6 goblins
  2 hobgoblins
  7 bats
  3 kobolds
  6 rats
51 creatures vanquished.

Notes
Turn   | Place    | Note
-------+----------+-------------------------------------------
     0 | D:1      | Malachi the Merfolk Shapeshifter began the quest for the
                  | Orb.
     0 | D:1      | Reached XP level 1. HP: 15/15 MP: 1/1
    74 | D:1      | Found Xoalisa's Assorted Antiques.
   168 | D:1      | Reached XP level 2. HP: 17/21 MP: 2/2
   563 | D:2      | Reached XP level 3. HP: 27/27 MP: 3/3
   670 | D:2      | Found a faded altar of an unknown god.
   676 | D:2      | Noticed Jessica
   677 | D:2      | Prayed at the altar of an unknown god.
   677 | D:2      | Became a worshipper of Ashenzari the Shackled
   685 | D:2      | Killed Jessica
   686 | D:2      | Reached XP level 4. HP: 27/33 MP: 4/4
  1037 | D:2      | Noticed Natasha
  1045 | D:2      | Killed Natasha
  1204 | D:2      | Noticed Natasha
  1213 | D:2      | Killed Natasha
  1214 | D:2      | Reached XP level 5. HP: 12/39 MP: 5/5
  1343 | D:2      | Noticed Natasha
  1350 | D:2      | Killed Natasha
  1351 | D:2      | Reached skill level 5 in Shapeshifting
  2026 | D:3      | Reached XP level 6. HP: 39/47 MP: 6/6
  2117 | D:3      | HP: 1/47 [adder (3)]
  2124 | D:3      | HP: 2/47 [adder (1)]
  2125 | D:3      | Killed from afar by an orc priest

Illustrated notes

Levels and vault maps discovered:
D:1:      matt_arrival_refuge, layout_basic, serial_shops, nicolae_shop_trees
D:2:      layout_rooms, basic_ecumenical_altar, corexii_item_surrounded_by_moat,
          uniq_natasha, uniq_jessica
D:3:      layout_rooms, uniq_crazy_yiuf_cottage

Skill      XL: |  1  2  3  4  5 |
---------------+----------------+-----
Dodging        | 3 4 |  4.6
Fighting       | 2 3 |  3.2
Unarmed Combat | 4 |  4.5
Shapeshifting  | 5 |  5.2

Action                     |  1- 3 |  4- 6 || total
---------------------------+-------+-------++-------
  Melee: Unarmed           |    55 |   105 ||   160
         Punch             |       |     4 ||     4
 Invoke: Curse Item        |       |     1 ||     1
    Use: Scroll            |       |     1 ||     1
   Stab: Sleeping          |     1 |       ||     1
 Armour: Animal skin       |    23 |       ||    23
         Leather armour    |       |    54 ||    54
  Dodge: Dodged            |    43 |    69 ||   112

Table legend: (Time is in decaauts)
 A = Elapsed time spent in this place.
 B = Non-inter-level travel time spent in this place.
 C = Inter-level travel time spent in this place.
 D = Time resting spent in this place.
 E = Time spent auto-exploring this place.
 F = Levels seen in this place.
 G = Mean time per level.
                   A        B        C        D        E       F      G
               +--------+--------+--------+--------+--------+-----+--------+
         Total |   2111 |   1955 |    156 |    325 |   1213 |   3 |  703.7 |
       Dungeon |   2111 |   1955 |    156 |    325 |   1213 |   3 |  703.7 |
               +--------+--------+--------+--------+--------+-----+--------+

Top non-repeatable levels by time:
     D:2: 1135 daAuts
     D:1: 610 daAuts
     D:3: 365 daAuts
